 Adventure DCSS version bcrawl-1.27.3 (webtiles) character file.

Game seed: 10963662468843679960

131598 galech the Chopper (level 5, 42/42 HPs)
             Began as a Demonspawn Fighter on Aug 4, 2020.
             Was an Initiate of Okawaru.
             Quit the game on level 4 of the Dungeon.
             The game lasted 00:04:45 (3327 turns).

galech the Chopper (Demonspawn Fighter)             Turns: 3327, Time: 00:04:45

Health: 42/42      AC:  8    Str: 16    XL:     5   Next: 50%
Magic:  5/5        EV:  7    Int:  9    God:    Okawaru [......]
Gold:   364        SH:  9    Dex: 15    Spells: 4/4 levels left
                                        Lives:  1   Deaths: 1

rFire    + . .     SeeInvis .   a - +0 war axe
rCold    . . .     Gourm    .   c - +0 medium shield
rNeg     . . .     Faith    +   b - +0 scale mail
rPois    .         Spirit   .   (no helmet)
rElec    .         Reflect  .   (no cloak)
rCorr    .         Harm     .   r - +0 pair of gloves
MR       .....                  (no boots)
Stlth    ++........             m - amulet of faith
HPRegen  0.14/turn              h - ring of protection from fire
MPRegen  0.09/turn              (no ring)

@: no status effects
A: demonic guardian 1, nightstalker 1, sturdy frame 2
a: Renounce Religion


You were on level 4 of the Dungeon.
You worshipped Okawaru.
Okawaru was noncommittal.
You were not hungry.

You visited 2 branches of the dungeon, and saw 5 of its levels.

You collected 364 gold pieces.

Inventory:

Hand Weapons
 a - a +0 war axe (weapon)
Armour
 b - a +0 scale mail (worn)
 c - a +0 medium shield (worn)
 r - a +0 pair of gloves (worn)
Jewellery
 h - a ring of protection from fire (left hand)
 m - an amulet of faith (around neck)
Wands
 v - a wand of flame (17)
Scrolls
 g - a scroll of enchant weapon
 i - 5 scrolls of remove curse
 j - 2 scrolls of blinking
 k - a scroll of magic mapping {unknown}
 q - 2 scrolls of teleportation {unknown}
 t - 3 scrolls of identify
Potions
 d - 2 potions of might
 o - a potion of flight {unknown}
 p - a potion of haste {unknown}
 s - a potion of magic {unknown}
 u - a potion of ambrosia {unknown}
Comestibles
 e - 5 rations {!d}
 w - 4 chunks of flesh


   Skills:
 + Level 3.9 Fighting
 + Level 4.1 Axes
 + Level 3.4 Armour
 + Level 1.4 Dodging
 + Level 1.2 Stealth
 + Level 3.9 Shields


You had 4 spell levels left.
You didn't know any spells.
Your spell library contained the following spells:

 Spells                   Type           Power        Failure   Level  Hunger
 Corona                   Hex            #......      100%        1    None
 Ensorcelled Hibernation  Hex/Ice        #.....       100%        2    ####...
 Confuse                  Hex            #.......     100%        3    #####..
 Dazzling Orbs            Conj/Hex       #......      100%        3    #####..
 Tukima's Dance           Hex            #.......     100%        3    #####..


Dungeon Overview and Level Annotations

Branches:
Dungeon (4/12)             Temple (1/1) D:4

Altars:
Cheibriados
Elyvilon
Fedhas
Lugonu
Makhleb
Okawaru
Sif Muna
Wu Jian
Yredelemnul
Zin
The Shining One

Annotations:
D:4 Dowan, Duvessa, Eustachio


Innate Abilities, Weirdness & Mutations

A weak demonic guardian rushes to your aid.
You are slightly more attuned to the shadows.
Your movements are less encumbered by armour. (ER -4)


Message History

You closely miss the crimson imp.
You feel very sick.
Duvessa hits you with a +2 short sword of venom.
* * * LOW HITPOINT WARNING * * *
You are more poisoned.
Dowan gestures at you while chanting. You resist. The puff of flame hits you.
* * * LOW HITPOINT WARNING * * *
The leopard gecko barely misses you. You block the crimson imp's attack.
Eustachio hits you with a +0 rapier.
* * * LOW HITPOINT WARNING * * *
Dowan points at you and mumbles some strange words.
The puff of frost hits you.
You die...
Duvessa hits you but does no damage.
Your iron imp closely misses Dowan.
The leopard gecko barely misses you.
Xom reaches out...
You are now level 5!
You rejoin the land of the living...
Are you sure you want to abandon this character and quit the game? (Confirm with "yes".)

### ### ##.## ##.##
##.#.#### #####
##.#.## ........#
#...######.###.##
.##.....#
#............##.#
#.#.#(#.#
##...######.#.#.##
##...##.# ##..@##
##...##
........#####.....#
##.##
.)....#..........##
#.#
.##†#.#########.##
#.# .##.#.# #.#
##.# .##.#.# #.#
#..# ......###
##+## #.##
##......# ##...##
#.# ##..###.#
##.....## #.#


There were no monsters in sight!

Vanquished Creatures
  A centaur (D:4)
  A crimson imp (D:4)
  An orc priest (D:4)
  2 orc wizards (D:3)
  2 adders
  An adder skeleton (D:4)
  2 worms
  3 dart slugs (D:2)
  4 leopard geckos
  13 orcs
  4 giant cockroaches
  5 goblins
  12 hobgoblins
  8 jackals
  A quokka (D:1)
  2 ball pythons
  8 bats
  8 frilled lizards
  6 kobolds
  6 rats
90 creatures vanquished.

Vanquished Creatures (collateral kills)
  A phantom (D:3)
  An orc priest (D:4)
  A worker ant (D:4)
  An adder (D:3)
  An orc (D:4)
  A hobgoblin (D:3)
6 creatures vanquished.

Grand Total: 96 creatures vanquished

Notes
Turn   | Place    | Note
-------+----------+-------------------------------------------
     0 | D:1      | galech the Demonspawn Fighter began the quest for the Orb.
     0 | D:1      | Reached XP level 1. HP: 18/18 MP: 1/1
   238 | D:1      | Reached skill level 2 in Axes
   246 | D:1      | Gained mutation: Your movements are slightly less
                  | encumbered by armour. (ER -2) [demonic ancestry]
   246 | D:1      | Reached XP level 2. HP: 8/24 MP: 2/2
   593 | D:1      | Gained mutation: A weak demonic guardian rushes to your
                  | aid. [demonic ancestry]
   593 | D:1      | Reached XP level 3. HP: 17/29 MP: 3/3
  1050 | D:2      | Reached skill level 1 in Stealth
  1389 | D:2      | Reached XP level 4. HP: 27/35 MP: 4/4
  1981 | D:3      | Reached skill level 3 in Axes
  2067 | D:3      | Noticed a phantom
  2068 | D:3      | Found a white marble altar of Elyvilon.
  2075 | D:3      | Found a glowing golden altar of the Shining One.
  2079 | D:3      | Found a glowing silver altar of Zin.
  2111 | D:3      | Killed a phantom
  2111 | D:3      | Gained mutation: Your movements are less encumbered by
                  | armour. (ER -4) [demonic ancestry]
  2111 | D:3      | Reached XP level 5. HP: 22/41 MP: 5/5
  2714 | D:4      | Gained mutation: You are slightly more attuned to the
                  | shadows. [demonic ancestry]
  2714 | D:4      | Reached XP level 6. HP: 22/47 MP: 6/6
  2798 | D:4      | Noticed a crocodile
  2973 | D:4      | Found a staircase to the Ecumenical Temple.
  3026 | Temple   | Entered the Ecumenical Temple
  3074 | Temple   | Became a worshipper of Warmaster Okawaru
  3173 | D:4      | Reached skill level 4 in Axes
  3173 | D:4      | Reached skill level 1 in Dodging
  3293 | D:4      | Noticed Eustachio
  3303 | D:4      | Noticed Dowan
  3308 | D:4      | Noticed Duvessa
  3326 | D:4      | Killed from afar by Dowan
  3327 | D:4      | Reached XP level 5. HP: 0/42 MP: 5/5
  3327 | D:4      | Quit the game

Skill      XL: |  1  2  3  4  5  6 |
---------------+-------------------+-----
Axes           | 2 3 4 |  4.1
Shields        | 3 |  3.9
Armour         | 3 |  3.4
Stealth        | 1 |  1.2
Dodging        | 1 |  1.4
Fighting       | |  3.9

Action                   |  1- 3 |  4- 6 || total
-------------------------+-------+-------++-------
Melee: War axe           |   165 |   194 ||   359
  Use: Scroll            |       |     3 ||     3
       Potion            |       |     3 ||     3
 Stab: Distracted        |       |     2 ||     2
       Sleeping          |       |     2 ||     2
  Eat: Chunk             |     8 |    13 ||    21
Armor: Scale mail        |   107 |    96 ||   203
Dodge: Dodged            |    50 |    51 ||   101
Block: Medium shield     |   103 |   114 ||   217
